AoeStats
← CMY

Arena

507683313Analyzed
4v4 RM · 14d ago on Sep 19, 2026· 43m 44s· 8 players
Game mode
Random Map
Map size
Large (8 player)
Population
200
Speed
Normal
Resources
Standard
Victory
Conquest
Starting age
Dark Age
Ending age
Imperial Age
RankedLock teamsTeams togetherTeam positionsShared explorationLock speedFull tech treeHidden civsTurbo modeCheats
Victory
Defeat
🇵🇰 Teutons · Pakistan
1020
+37
🇨🇳 Teutons · China
1019
+13
🇨🇳 Slavs · China
1011
+14
🇨🇳 Mongols · China
956
+17
🇨🇳 Goths · China
1003
-16
🇹🇼 Bohemians · Taiwan
995
-15
🇨🇳 Portuguese · China
923
-25
🇹🇼 Wei · Taiwan
921
-13
in5767
11:45 Feudal Age
10:01 Loom
16:15 Castle Age
14:17 Horse Collar
14:44 Double-Bit Axe
17:38 Heavy Plow
17:57 Bow Saw
20:16 Gold Mining
20:19 Stone Mining
23:26 Wheelbarrow
23:45 Town Watch
25:37 Gold Shaft Mining
25:40 Stone Shaft Mining
26:01 Scale Barding Armor
26:08 Forging
25:49 Fletching
26:19 Hand Cart
26:50 Treadmill Crane
27:33 Ballistics
31:31 Imperial Age
29:02 Town Patrol
31:58 Chain Barding Armor
31:33 Bodkin Arrow
32:14 Iron Casting
31:54 Masonry
32:07 Bloodlines
31:58 Husbandry
32:03 Heavy Hei Guang Cavalry
32:47 Tuntian
33:14 Ming Guang Armor
33:25 Hoardings
34:03 Crop Rotation
34:47 Hoardings
35:11 Parthian Tactics
34:52 Thumb Ring
35:26 Elite Skirmisher
39:29 Chemistry
39:32 Blast Furnace
38:33 Bracer
XTB.眠笛
1:45 Loom
10:37 Feudal Age
15:14 Castle Age
14:02 Double-Bit Axe
16:29 Wheelbarrow
16:34 Bow Saw
21:43 Town Watch
21:54 Horse Collar
23:15 Gold Mining
23:21 Man-at-Arms
24:30 Heavy Plow
25:41 Hand Cart
26:13 Forging
26:04 Scale Mail Armor
26:36 Squires
25:57 Long Swordsman
27:55 Iron Casting
27:35 Chain Mail Armor
27:16 Stone Mining
29:13 Stone Shaft Mining
28:52 Town Patrol
29:02 Pikeman
32:35 Imperial Age
32:45 Elite Huskarl
33:46 Conscription
33:27 Perfusion
33:29 Anarchy
33:14 Two-Handed Swordsman
35:03 Blast Furnace
35:56 Chemistry
34:54 Murder Holes
36:28 Crop Rotation
37:11 Two-Man Saw
35:57 Halberdier
37:19 Champion
44:16 Masonry
中山余文樂
11:07 Feudal Age
11:52 Double-Bit Axe
11:50 Horse Collar
18:20 Castle Age
18:39 Forging
18:29 Scale Mail Armor
19:52 Wheelbarrow
19:03 Loom
20:47 Bow Saw
25:21 Fervor
25:57 Crossbowman
29:39 Imperial Age
26:59 Town Watch
28:31 Heavy Plow
29:33 Pikeman
31:34 Chemistry
30:30 Fletching
31:16 Iron Casting
30:42 Padded Archer Armor
32:09 Bodkin Arrow
33:48 Conscription
34:50 Hand Cart
35:14 Bracer
35:30 Leather Archer Armor
36:10 Ballistics
37:38 Halberdier
38:18 Squires
39:15 Town Patrol
39:52 Masonry
39:55 Fortified Wall
小羊
11:20 Feudal Age
14:03 Double-Bit Axe
14:22 Stone Mining
18:37 Castle Age
26:31 Gold Mining
31:20 Ballistics
34:17 Wheelbarrow
37:15 Imperial Age
39:33 Bow Saw
42:08 Two-Man Saw
犹豫就会败北
2:37 Loom
9:36 Feudal Age
9:44 Feudal Age
15:16 Castle Age
13:28 Double-Bit Axe
13:38 Horse Collar
28:15 Imperial Age
26:47 Wheelbarrow
26:55 Wheelbarrow
26:20 Gold Mining
26:43 Bow Saw
27:40 Heavy Plow
29:08 Hand Cart
28:39 Town Watch
28:48 Fletching
28:58 Padded Archer Armor
29:33 Stone Mining
29:12 Elite Mangudai
30:13 Conscription
30:38 Bodkin Arrow
30:59 Leather Archer Armor
32:15 Stone Shaft Mining
31:43 Bracer
31:49 Scale Barding Armor
31:55 Forging
31:54 Thumb Ring
32:14 Ballistics
32:17 Husbandry
32:27 Bloodlines
33:23 Gold Shaft Mining
32:48 Light Cavalry
34:32 Chemistry
33:28 Murder Holes
33:44 Masonry
34:25 Hussar
35:50 Capped Ram
37:11 Siege Ram
39:50 Drill
Enrique
8:22 Loom
10:51 Feudal Age
11:14 Horse Collar
11:20 Double-Bit Axe
17:13 Castle Age
16:45 Gold Mining
16:29 Man-at-Arms
17:14 Scale Mail Armor
18:20 Bow Saw
21:41 Heavy Plow
22:55 Squires
22:25 Long Swordsman
25:04 Wheelbarrow
27:11 Chain Mail Armor
32:38 Imperial Age
30:23 Forging
30:26 Town Watch
30:56 Hand Cart
30:54 Stone Mining
32:40 Capped Ram
33:21 Two-Handed Swordsman
36:07 Conscription
39:36 Crop Rotation
39:36 Champion
41:17 Plate Mail Armor
41:23 Iron Casting
41:53 Detinets
42:18 Siege Ram
44:43 Gold Shaft Mining
CMY
11:08 Feudal Age
14:47 Castle Age
12:44 Double-Bit Axe
19:34 Horse Collar
22:39 Gold Mining
23:33 Stone Mining
24:20 Wheelbarrow
27:41 Imperial Age
25:45 Heavy Plow
25:55 Loom
25:55 Town Watch
26:28 Scale Barding Armor
26:33 Forging
27:17 Bloodlines
28:31 Chain Barding Armor
28:47 Iron Casting
27:43 Cavalier
29:00 Iron Casting
30:27 Plate Barding Armor
30:19 Paladin
31:38 Hand Cart
31:56 Crop Rotation
31:39 Bow Saw
32:54 Conscription
34:54 Chemistry
33:48 Fletching
33:58 Padded Archer Armor
34:05 Padded Archer Armor
33:55 Fletching
34:03 Elite Skirmisher
35:58 Two-Man Saw
36:21 Blast Furnace
35:48 Siege Engineers
36:24 Bodkin Arrow
40:32 Ballistics
shahwajeh5
11:19 Feudal Age
11:49 Horse Collar
11:59 Double-Bit Axe
12:07 Gold Mining
20:38 Wheelbarrow
22:20 Castle Age
22:41 Scale Barding Armor
22:47 Forging
23:40 Bow Saw
23:53 Heavy Plow
24:44 Bloodlines
36:19 Imperial Age
34:24 Squires
34:16 Arson
35:30 Scale Mail Armor
36:07 Iron Casting
38:18 Man-at-Arms
38:44 Gambesons
39:46 Hoardings
39:46 Guilds
39:35 Long Swordsman
43:35 Long Swordsman
43:43 Pikeman
Connection lost

Rejoining the realm…

Still unreachable

The connection could not be restored.

Session expired

The server has moved on; the page needs a fresh start.